2729 views
Uploaded 2019-12-01 21:17:02
Game version 1.32.0.3 / 1.32.0.3.1
25:59 long 4on4 ladder game on (8)Feralas_LV
Saved by BEARAND
2729 views
Uploaded 2019-12-01 21:17:02
Game version 1.32.0.3 / 1.32.0.3.1
25:59 long 4on4 ladder game on (8)Feralas_LV


181 units @ 28.9k
/ 4k
120 buildings @ 14.2k
/ 6k

| Healing Salve | 2 | 200 |
| Lesser Clarity Potion | 2 | 140 |
| total: | 4 | 340g |
| Peon | 11 | 825 | / | 0 |
| Grunt | 9 | 1800 | / | 0 |
| Demolisher | 16 | 3520 | / | 800 |
| total: | 36 | 6145g | / | 800w |
| Watch Tower | 7 | 770 | / | 560 |
| Orc Burrow | 9 | 1440 | / | 360 |
| War Mill | 1 | 205 | / | 0 |
| Altar of Storms | 1 | 180 | / | 50 |
| Voodoo Lounge | 1 | 130 | / | 30 |
| Barracks | 3 | 540 | / | 150 |
| Stronghold | 1 | 315 | / | 190 |
| Fortress | 1 | 325 | / | 190 |
| total: | 22 | 3265g | / | 1150w |
| 0:03 | Peon |
| 0:03 | Peon |
| 0:03 | Peon |
| 0:03 | Peon |
| 0:23 | Orc Burrow |
| 0:45 | War Mill |
| 0:53 | Altar of Storms |
| 0:59 | Peon |
| 1:08 | Orc Burrow |
| 1:37 | Voodoo Lounge |
| 1:42 | Peon |
| 1:42 | Peon |
| 1:44 | Peon |
| 2:21 | Orc Burrow |
| 2:25 | Peon |
| 2:25 | Peon |
| 2:26 | Peon |
| 2:38 | Orc Burrow |
| 3:01 | Feral Spirit |
| 3:20 | Orc Burrow |
| 3:42 | Barracks |
| 3:44 | Barracks |
| 3:53 | Barracks |
| 4:11 | Watch Tower |
| 4:14 | Watch Tower |
| 4:42 | Stronghold |
| 5:00 | Grunt |
| 5:30 | Grunt |
| 5:49 | Grunt |
| 6:11 | Chain Lighting |
| 6:45 | Steel Melee Weapons |
| 6:45 | Steel Armor |
| 6:48 | Healing Salve |
| 6:49 | Lesser Clarity Potion |
| 7:04 | Pillage |
| 7:06 | Berserker Strength |
| 7:08 | Grunt |
| 7:35 | Grunt |
| 7:39 | Grunt |
| 7:47 | Chain Lighting |
| 8:03 | Grunt |
| 8:12 | Grunt |
| 8:46 | Grunt |
| 9:34 | Orc Burrow |
| 9:38 | Orc Burrow |
| 9:39 | Orc Burrow |
| 9:40 | Orc Burrow |
| 10:06 | Fortress |
| 11:05 | Demolisher |
| 11:25 | Demolisher |
| 11:46 | Spiked Barricades |
| 11:48 | Reinforced Defenses |
| 12:27 | Burning Oil |
| 12:28 | Demolisher |
| 12:54 | Watch Tower |
| 13:10 | Feral Spirit |
| 13:32 | Demolisher |
| 14:00 | Demolisher |
| 14:53 | Demolisher |
| 15:23 | Demolisher |
| 15:56 | Watch Tower |
| 16:10 | Demolisher |
| 16:41 | Demolisher |
| 17:23 | Healing Salve |
| 17:28 | Lesser Clarity Potion |
| 17:44 | Demolisher |
| 18:01 | Watch Tower |
| 18:23 | Demolisher |
| 18:46 | Feral Spirit |
| 18:52 | Demolisher |
| 19:06 | Watch Tower |
| 19:18 | Demolisher |
| 19:42 | Demolisher |
| 20:12 | Watch Tower |
| 20:22 | Steel Ranged Weapons |
| 20:26 | Demolisher |
| 20:45 | Demolisher |
| Right click | 453 |
| Select | 348 |
| Build/train/purchase | 88 |
| Misc. action | 45 |
| Select group | 34 |
| Use ability | 20 |
| Assign group | 12 |
| Minimap ping | 1 |


| Peon | 18 | 1350 | / | 0 |
| Grunt | 9 | 1800 | / | 0 |
| Troll Headhunter | 6 | 840 | / | 120 |
| Demolisher | 6 | 1320 | / | 300 |
| Troll Batrider | 9 | 1440 | / | 360 |
| total: | 48 | 6750g | / | 780w |
| Watch Tower | 9 | 990 | / | 720 |
| Altar of Storms | 1 | 180 | / | 50 |
| Orc Burrow | 7 | 1120 | / | 280 |
| Barracks | 3 | 540 | / | 150 |
| War Mill | 2 | 410 | / | 0 |
| Voodoo Lounge | 1 | 130 | / | 30 |
| Great Hall | 1 | 385 | / | 185 |
| Beastiary | 2 | 290 | / | 280 |
| Stronghold | 1 | 315 | / | 190 |
| Fortress | 1 | 325 | / | 190 |
| total: | 26 | 4045g | / | 1695w |
| 0:08 | Altar of Storms |
| 0:11 | Orc Burrow |
| 0:12 | Peon |
| 0:25 | Peon |
| 0:36 | Barracks |
| 0:43 | Peon |
| 1:32 | War Mill |
| 1:34 | Peon |
| 1:34 | Peon |
| 1:35 | Peon |
| 2:03 | Peon |
| 2:12 | Orc Burrow |
| 2:18 | Feral Spirit |
| 2:25 | Barracks |
| 2:30 | Grunt |
| 2:39 | Pillage |
| 3:07 | Watch Tower |
| 3:13 | Troll Headhunter |
| 3:32 | Troll Headhunter |
| 4:14 | Grunt |
| 4:42 | Voodoo Lounge |
| 4:56 | Orc Burrow |
| 5:53 | Stronghold |
| 5:57 | Orc Burrow |
| 6:06 | Grunt |
| 6:09 | Steel Armor |
| 6:10 | Spiked Barricades |
| 6:24 | Watch Tower |
| 6:33 | Chain Lighting |
| 7:36 | Great Hall |
| 7:47 | Grunt |
| 7:50 | Steel Melee Weapons |
| 7:51 | Steel Ranged Weapons |
| 8:31 | Berserker Strength |
| 8:31 | Troll Regeneration |
| 8:35 | Demolisher |
| 9:18 | Fortress |
| 9:20 | Grunt |
| 9:57 | Far Sight |
| 10:10 | Peon |
| 10:10 | Peon |
| 10:10 | Peon |
| 10:10 | Peon |
| 10:10 | Peon |
| 10:10 | Peon |
| 10:21 | Demolisher |
| 10:26 | Orc Burrow |
| 10:52 | Demolisher |
| 10:57 | Reinforced Defenses |
| 12:06 | Burning Oil |
| 12:06 | Demolisher |
| 12:07 | Troll Headhunter |
| 13:08 | Thorium Ranged Weapons |
| 13:16 | Grunt |
| 13:21 | Peon |
| 13:21 | Peon |
| 13:21 | Peon |
| 13:41 | Grunt |
| 13:41 | Grunt |
| 13:47 | Barracks |
| 14:23 | Thorium Armor |
| 14:46 | Beastiary |
| 14:52 | Peon |
| 14:52 | Peon |
| 14:57 | War Mill |
| 15:07 | Beastiary |
| 16:35 | Demolisher |
| 16:44 | Liquid Fire |
| 16:45 | Troll Batrider |
| 16:45 | Troll Batrider |
| 16:45 | Troll Batrider |
| 16:46 | Troll Batrider |
| 16:46 | Troll Batrider |
| 17:37 | Troll Batrider |
| 17:37 | Troll Batrider |
| 17:38 | Troll Batrider |
| 18:22 | Arcanite Ranged Weapons |
| 18:51 | Grunt |
| 18:58 | Orc Burrow |
| 18:59 | Orc Burrow |
| 19:35 | Troll Batrider |
| 19:49 | Watch Tower |
| 19:50 | Watch Tower |
| 19:51 | Watch Tower |
| 19:52 | Watch Tower |
| 19:55 | Watch Tower |
| 19:57 | Watch Tower |
| 19:58 | Watch Tower |
| 22:17 | Endurance Aura |
| 22:37 | Arcanite Armor |
| 22:41 | Thorium Melee Weapons |
| 22:41 | Improved Spiked Barricades |
| 22:47 | Berserker Upgrade |
| 22:48 | Troll Headhunter |
| 22:48 | Troll Headhunter |
| 22:49 | Troll Headhunter |
| 24:02 | Demolisher |
| 25:05 | Feral Spirit |
| Right click | 582 |
| Select | 358 |
| Select group | 192 |
| Build/train/purchase | 92 |
| Misc. action | 49 |
| Assign group | 18 |
| Use ability | 18 |
| Chat | 12 |
| Remove unit | 3 |
| Minimap ping | 2 |
| Esc | 1 |


| Orb of Fire | 1 | 325 |
| Scroll of Town Portal | 1 | 350 |
| total: | 2 | 675g |
| Peasant | 23 | 1725 | / | 0 |
| Footman | 9 | 1215 | / | 0 |
| Rifleman | 10 | 2050 | / | 300 |
| Priest | 2 | 270 | / | 20 |
| Gryphon Rider | 6 | 1680 | / | 420 |
| Dragonhawk Rider | 4 | 800 | / | 120 |
| total: | 54 | 7740g | / | 860w |
| Scout Tower | 28 | 840 | / | 560 |
| Arcane Tower | 1 | 70 | / | 50 |
| Guard Tower | 21 | 1470 | / | 1050 |
| Altar of Kings | 1 | 180 | / | 50 |
| Farm | 12 | 960 | / | 240 |
| Barracks | 1 | 160 | / | 60 |
| Arcane Vault | 1 | 130 | / | 30 |
| Blacksmith | 1 | 140 | / | 60 |
| Lumber Mill | 1 | 120 | / | 0 |
| Town Hall | 1 | 385 | / | 205 |
| Arcane Sanctum | 2 | 300 | / | 280 |
| Gryphon Aviary | 3 | 420 | / | 450 |
| Keep | 1 | 320 | / | 210 |
| Castle | 1 | 360 | / | 210 |
| total: | 51 | 3635g | / | 1935w |
| 0:04 | Peasant |
| 0:07 | Altar of Kings |
| 0:09 | Farm |
| 0:18 | Barracks |
| 0:25 | Peasant |
| 0:33 | Peasant |
| 0:41 | Peasant |
| 0:55 | Farm |
| 1:01 | Peasant |
| 1:32 | Footman |
| 1:37 | Peasant |
| 1:40 | Farm |
| 1:43 | Farm |
| 1:47 | Footman |
| 1:50 | Scout Tower |
| 2:12 | Arcane Vault |
| 2:15 | Footman |
| 2:20 | Arcane Tower |
| 2:37 | Siphon Mana |
| 2:39 | Footman |
| 3:02 | Footman |
| 3:22 | Keep |
| 3:36 | Footman |
| 3:44 | Flame Strike |
| 4:15 | Blacksmith |
| 4:20 | Lumber Mill |
| 4:24 | Farm |
| 4:24 | Farm |
| 4:25 | Farm |
| 4:41 | Footman |
| 4:58 | Footman |
| 5:11 | Footman |
| 5:26 | Rifleman |
| 5:59 | Rifleman |
| 6:12 | Arcane Sanctum |
| 6:13 | Arcane Sanctum |
| 6:27 | Rifleman |
| 6:29 | Black Gunpowder |
| 6:55 | Siphon Mana |
| 7:10 | Rifleman |
| 7:20 | Peasant |
| 7:20 | Peasant |
| 7:21 | Peasant |
| 7:53 | Rifleman |
| 8:14 | Rifleman |
| 8:28 | Town Hall |
| 8:45 | Rifleman |
| 8:51 | Priest |
| 9:22 | Priest |
| 9:37 | Improved Lumber Harvesting |
| 10:00 | Peasant |
| 10:00 | Peasant |
| 10:03 | Peasant |
| 10:08 | Priest Adept Training |
| 10:42 | Rifleman |
| 11:11 | Rifleman |
| 11:28 | Castle |
| 11:39 | Rifleman |
| 12:11 | Peasant |
| 12:11 | Peasant |
| 12:18 | Peasant |
| 12:24 | Scout Tower |
| 12:25 | Scout Tower |
| 12:26 | Scout Tower |
| 12:27 | Scout Tower |
| 12:27 | Scout Tower |
| 12:28 | Scout Tower |
| 12:49 | Magic Sentry |
| 12:57 | Peasant |
| 12:58 | Peasant |
| 13:13 | Guard Tower |
| 13:40 | Guard Tower |
| 14:03 | Guard Tower |
| 14:05 | Peasant |
| 14:05 | Peasant |
| 14:05 | Peasant |
| 14:57 | Guard Tower |
| 15:02 | Scout Tower |
| 15:02 | Scout Tower |
| 15:03 | Scout Tower |
| 15:04 | Scout Tower |
| 16:47 | Guard Tower |
| 16:55 | Scout Tower |
| 16:56 | Scout Tower |
| 16:57 | Scout Tower |
| 16:59 | Scout Tower |
| 17:00 | Scout Tower |
| 17:01 | Scout Tower |
| 17:02 | Scout Tower |
| 17:14 | Priest Master Training |
| 17:18 | Gryphon Aviary |
| 17:23 | Gryphon Aviary |
| 17:30 | Gryphon Aviary |
| 17:39 | Advanced Lumber Harvesting |
| 17:41 | Animal War Training |
| 17:46 | Guard Tower |
| 18:20 | Guard Tower |
| 18:24 | Peasant |
| 18:24 | Peasant |
| 18:24 | Peasant |
| 18:32 | Guard Tower |
| 18:53 | Guard Tower |
| 19:13 | Guard Tower |
| 19:19 | Gryphon Rider |
| 19:36 | Gryphon Rider |
| 19:41 | Flame Strike |
| 19:48 | Scroll of Town Portal |
| 20:01 | Orb of Fire |
| 20:19 | Iron Forged Swords |
| 20:27 | Scout Tower |
| 20:28 | Scout Tower |
| 20:29 | Scout Tower |
| 20:31 | Scout Tower |
| 20:32 | Scout Tower |
| 20:33 | Scout Tower |
| 20:34 | Scout Tower |
| 20:36 | Scout Tower |
| 20:38 | Scout Tower |
| 20:45 | Gryphon Rider |
| 20:55 | Farm |
| 20:56 | Farm |
| 20:58 | Farm |
| 20:59 | Farm |
| 21:00 | Farm |
| 21:12 | Guard Tower |
| 21:19 | Storm Bolt |
| 21:44 | Dragonhawk Rider |
| 21:45 | Dragonhawk Rider |
| 21:46 | Dragonhawk Rider |
| 21:53 | Guard Tower |
| 21:56 | Guard Tower |
| 21:56 | Guard Tower |
| 22:00 | Guard Tower |
| 22:10 | Guard Tower |
| 22:12 | Guard Tower |
| 22:24 | Cloud |
| 22:26 | Guard Tower |
| 22:52 | Dragonhawk Rider |
| 22:54 | Gryphon Rider |
| 22:57 | Gryphon Rider |
| 22:57 | Storm Hammers |
| 23:20 | Scout Tower |
| 23:48 | Steel Forged Swords |
| 24:53 | Gryphon Rider |
| Right click | 434 |
| Select group | 347 |
| Select | 296 |
| Build/train/purchase | 113 |
| Misc. action | 53 |
| Use ability | 42 |
| Assign group | 31 |
| Chat | 7 |
| Item give/drop | 4 |
| Esc | 4 |
| Remove unit | 1 |


| Rod of Necromancy | 2 | 300 |
| Potion of Mana | 2 | 400 |
| Potion of Healing | 1 | 150 |
| total: | 5 | 850g |
| Acolyte | 10 | 750 | / | 0 |
| Ghoul | 7 | 840 | / | 0 |
| Crypt Fiend | 7 | 1505 | / | 280 |
| Obsidian Statue | 5 | 1000 | / | 175 |
| Meat Wagon | 8 | 1840 | / | 400 |
| Frost Wyrm | 6 | 2310 | / | 720 |
| total: | 43 | 8245g | / | 1575w |
| Nerubian Tower | 4 | 400 | / | 80 |
| Spirit Tower | 2 | 290 | / | 80 |
| Altar of Darkness | 1 | 180 | / | 50 |
| Ziggurat | 13 | 1950 | / | 650 |
| Crypt | 1 | 200 | / | 50 |
| Tomb of Relics | 1 | 130 | / | 30 |
| Graveyard | 1 | 215 | / | 0 |
| Necropolis | 1 | 225 | / | 0 |
| Slaughterhouse | 1 | 140 | / | 135 |
| Sacrificial Pit | 1 | 75 | / | 150 |
| Boneyard | 1 | 175 | / | 200 |
| Halls of the Dead | 1 | 320 | / | 210 |
| Black Citadel | 1 | 325 | / | 230 |
| total: | 21 | 3290g | / | 1265w |
| 0:14 | Altar of Darkness |
| 0:22 | Ziggurat |
| 0:25 | Acolyte |
| 0:25 | Acolyte |
| 0:51 | Crypt |
| 1:23 | Tomb of Relics |
| 1:33 | Graveyard |
| 1:52 | Ghoul |
| 1:53 | Ghoul |
| 1:53 | Ghoul |
| 1:53 | Ghoul |
| 2:11 | Ziggurat |
| 2:30 | Death Coil |
| 2:33 | Rod of Necromancy |
| 2:36 | Ghoul |
| 2:37 | Ghoul |
| 2:55 | Ghoul |
| 3:15 | Crypt Fiend |
| 3:31 | Crypt Fiend |
| 3:57 | Crypt Fiend |
| 4:22 | Unholy Aura |
| 4:25 | Halls of the Dead |
| 5:30 | Crypt Fiend |
| 5:47 | Ziggurat |
| 5:50 | Rod of Necromancy |
| 6:24 | Ziggurat |
| 6:56 | Potion of Mana |
| 7:11 | Potion of Mana |
| 7:11 | Potion of Healing |
| 7:16 | Web |
| 7:20 | Slaughterhouse |
| 7:35 | Crypt Fiend |
| 8:13 | Crypt Fiend |
| 8:29 | Sacrificial Pit |
| 8:43 | Crypt Fiend |
| 8:46 | Obsidian Statue |
| 8:48 | Obsidian Statue |
| 9:12 | Howl of Terror |
| 10:39 | Black Citadel |
| 10:53 | Obsidian Statue |
| 11:05 | Unholy Aura |
| 12:29 | Meat Wagon |
| 12:29 | Meat Wagon |
| 12:30 | Meat Wagon |
| 12:32 | Meat Wagon |
| 13:29 | Boneyard |
| 13:33 | Ziggurat |
| 13:43 | Cleaving Attack |
| 14:10 | Disease Cloud |
| 14:11 | Destroyer Form |
| 14:13 | Ziggurat |
| 15:03 | Acolyte |
| 15:04 | Acolyte |
| 15:04 | Acolyte |
| 17:21 | Frost Wyrm |
| 17:21 | Frost Wyrm |
| 17:49 | Frost Wyrm |
| 18:06 | Acolyte |
| 18:06 | Acolyte |
| 18:19 | Meat Wagon |
| 18:19 | Meat Wagon |
| 18:20 | Meat Wagon |
| 19:05 | Meat Wagon |
| 19:41 | Acolyte |
| 19:41 | Acolyte |
| 19:43 | Acolyte |
| 19:55 | Ziggurat |
| 19:58 | Ziggurat |
| 20:01 | Ziggurat |
| 20:47 | Frost Wyrm |
| 20:47 | Frost Wyrm |
| 20:52 | Nerubian Tower |
| 20:53 | Spirit Tower |
| 20:55 | Nerubian Tower |
| 21:03 | Obsidian Statue |
| 21:05 | Obsidian Statue |
| 22:37 | Necropolis |
| 23:06 | Ziggurat |
| 23:09 | Ziggurat |
| 23:14 | Ziggurat |
| 24:08 | Nerubian Tower |
| 24:09 | Nerubian Tower |
| 24:11 | Spirit Tower |
| 25:08 | Frost Wyrm |
| 25:15 | Ziggurat |
| Right click | 909 |
| Assign group | 453 |
| Select | 296 |
| Select group | 263 |
| Misc. action | 199 |
| Build/train/purchase | 95 |
| Use ability | 24 |
| Chat | 17 |
| Item give/drop | 2 |
| Remove unit | 1 |
118 units @ 10.2k
/ 0.4k
347 buildings @ 28.3k
/ 17k

| Lesser Clarity Potion | 9 | 630 |
| Healing Salve | 7 | 700 |
| Orb of Lightning | 1 | 375 |
| Tiny Great Hall | 2 | 1200 |
| Potion of Healing | 8 | 1200 |
| Potion of Mana | 5 | 1000 |
| Scroll of Town Portal | 2 | 700 |
| Boots of Speed | 1 | 250 |
| total: | 35 | 6055g |
| Peon | 47 | 3525 | / | 0 |
| total: | 47 | 3525g | / | 0w |
| Watch Tower | 94 | 10340 | / | 7520 |
| Altar of Storms | 1 | 180 | / | 50 |
| Orc Burrow | 4 | 640 | / | 160 |
| War Mill | 2 | 410 | / | 0 |
| Voodoo Lounge | 4 | 520 | / | 120 |
| Great Hall | 2 | 770 | / | 370 |
| Stronghold | 1 | 315 | / | 190 |
| Fortress | 1 | 325 | / | 190 |
| total: | 107 | 12860g | / | 8220w |
| 0:02 | Peon |
| 0:03 | Peon |
| 0:07 | Altar of Storms |
| 0:12 | Orc Burrow |
| 0:14 | Peon |
| 0:34 | Peon |
| 0:46 | Peon |
| 0:56 | War Mill |
| 1:01 | Peon |
| 1:20 | Voodoo Lounge |
| 1:23 | Peon |
| 1:34 | Peon |
| 1:47 | Orc Burrow |
| 1:54 | Peon |
| 2:07 | Watch Tower |
| 2:10 | Wind Walk |
| 2:19 | Peon |
| 2:29 | Watch Tower |
| 2:42 | Peon |
| 2:47 | Lesser Clarity Potion |
| 2:47 | Lesser Clarity Potion |
| 2:47 | Healing Salve |
| 2:49 | Healing Salve |
| 2:59 | Peon |
| 3:03 | Watch Tower |
| 3:45 | Watch Tower |
| 3:47 | Stronghold |
| 3:52 | Watch Tower |
| 4:04 | Watch Tower |
| 4:44 | Watch Tower |
| 4:52 | Watch Tower |
| 5:07 | Orc Burrow |
| 5:45 | Great Hall |
| 5:47 | Great Hall |
| 5:51 | Watch Tower |
| 5:51 | Watch Tower |
| 5:59 | Critical Strike |
| 6:08 | Peon |
| 6:08 | Peon |
| 6:09 | Boots of Speed |
| 6:31 | Watch Tower |
| 6:32 | Watch Tower |
| 6:33 | Watch Tower |
| 7:10 | Watch Tower |
| 7:11 | Watch Tower |
| 7:41 | Fortress |
| 7:46 | Spiked Barricades |
| 8:15 | Orc Burrow |
| 8:21 | Peon |
| 8:43 | Watch Tower |
| 8:44 | Peon |
| 8:44 | Peon |
| 8:44 | Peon |
| 8:44 | Peon |
| 8:56 | Watch Tower |
| 9:01 | Watch Tower |
| 9:03 | Watch Tower |
| 9:18 | Voodoo Lounge |
| 9:23 | Peon |
| 9:23 | Peon |
| 9:23 | Peon |
| 9:23 | Peon |
| 9:23 | Peon |
| 9:50 | Watch Tower |
| 9:52 | Watch Tower |
| 9:56 | Peon |
| 9:56 | Peon |
| 10:09 | Watch Tower |
| 10:09 | Watch Tower |
| 10:10 | Watch Tower |
| 10:10 | Watch Tower |
| 10:11 | Watch Tower |
| 10:12 | Watch Tower |
| 10:13 | Watch Tower |
| 10:14 | Watch Tower |
| 10:28 | Wind Walk |
| 10:33 | Lesser Clarity Potion |
| 10:33 | Healing Salve |
| 10:40 | Orb of Lightning |
| 10:55 | Tiny Great Hall |
| 11:28 | Watch Tower |
| 11:29 | Watch Tower |
| 11:29 | Watch Tower |
| 11:30 | Watch Tower |
| 11:33 | Watch Tower |
| 11:34 | Watch Tower |
| 11:37 | Peon |
| 11:37 | Peon |
| 11:49 | War Mill |
| 11:58 | Peon |
| 11:58 | Peon |
| 11:59 | Peon |
| 12:40 | Peon |
| 12:40 | Peon |
| 12:40 | Peon |
| 12:40 | Peon |
| 12:41 | Peon |
| 12:44 | Reinforced Defenses |
| 13:06 | Scroll of Town Portal |
| 13:06 | Scroll of Town Portal |
| 13:14 | Watch Tower |
| 13:15 | Watch Tower |
| 13:36 | Watch Tower |
| 13:42 | Watch Tower |
| 13:43 | Watch Tower |
| 13:44 | Watch Tower |
| 13:45 | Watch Tower |
| 13:46 | Watch Tower |
| 13:46 | Watch Tower |
| 13:49 | Watch Tower |
| 13:57 | Peon |
| 13:57 | Peon |
| 14:00 | Watch Tower |
| 14:00 | Watch Tower |
| 14:10 | Improved Spiked Barricades |
| 14:22 | Watch Tower |
| 14:40 | Voodoo Lounge |
| 14:42 | Watch Tower |
| 14:42 | Watch Tower |
| 14:49 | Peon |
| 14:50 | Peon |
| 14:50 | Peon |
| 14:53 | Watch Tower |
| 15:02 | Watch Tower |
| 15:16 | Peon |
| 15:16 | Peon |
| 15:38 | Critical Strike |
| 15:43 | Watch Tower |
| 15:44 | Watch Tower |
| 15:54 | Watch Tower |
| 15:55 | Watch Tower |
| 15:57 | Lesser Clarity Potion |
| 15:58 | Healing Salve |
| 16:01 | Potion of Healing |
| 16:02 | Tiny Great Hall |
| 16:48 | Lesser Clarity Potion |
| 16:50 | Potion of Mana |
| 16:59 | Watch Tower |
| 16:59 | Watch Tower |
| 16:59 | Watch Tower |
| 17:00 | Watch Tower |
| 17:05 | Watch Tower |
| 17:06 | Watch Tower |
| 17:06 | Watch Tower |
| 17:07 | Watch Tower |
| 17:23 | Watch Tower |
| 17:23 | Watch Tower |
| 17:23 | Watch Tower |
| 17:48 | Watch Tower |
| 17:53 | Potion of Healing |
| 17:55 | Potion of Mana |
| 18:35 | Healing Salve |
| 18:39 | Lesser Clarity Potion |
| 18:42 | Potion of Healing |
| 19:13 | Potion of Healing |
| 19:15 | Potion of Mana |
| 19:28 | Wind Walk |
| 19:31 | Lesser Clarity Potion |
| 19:31 | Healing Salve |
| 19:51 | Voodoo Lounge |
| 19:54 | Watch Tower |
| 19:57 | Watch Tower |
| 19:58 | Watch Tower |
| 20:03 | Lesser Clarity Potion |
| 20:20 | Peon |
| 20:21 | Peon |
| 20:21 | Peon |
| 20:21 | Peon |
| 20:38 | Lesser Clarity Potion |
| 20:42 | Potion of Healing |
| 20:50 | Watch Tower |
| 20:53 | Watch Tower |
| 20:55 | Watch Tower |
| 20:56 | Watch Tower |
| 20:56 | Watch Tower |
| 21:11 | Watch Tower |
| 21:31 | Potion of Mana |
| 21:40 | Potion of Healing |
| 21:40 | Potion of Healing |
| 21:50 | Potion of Mana |
| 21:56 | Potion of Healing |
| 22:40 | Healing Salve |
| 23:24 | Watch Tower |
| 23:24 | Watch Tower |
| 23:26 | Watch Tower |
| 23:27 | Watch Tower |
| 23:27 | Watch Tower |
| 23:28 | Watch Tower |
| 23:29 | Watch Tower |
| 23:30 | Watch Tower |
| 23:30 | Watch Tower |
| 24:07 | Watch Tower |
| 24:09 | Watch Tower |
| 24:09 | Watch Tower |
| 24:12 | Watch Tower |
| 24:13 | Watch Tower |
| 24:13 | Watch Tower |
| 24:17 | Watch Tower |
| 24:18 | Watch Tower |
| 25:57 | Bladestorm |
| Right click | 1413 |
| Select group | 266 |
| Select | 202 |
| Build/train/purchase | 179 |
| Misc. action | 71 |
| Use ability | 31 |
| Assign group | 13 |
| Item give/drop | 9 |
| Esc | 8 |
| Minimap ping | 5 |



| Healing Salve | 3 | 300 |
| Lesser Clarity Potion | 9 | 630 |
| Orb of Lightning | 3 | 1125 |
| Staff of Teleportation | 3 | 450 |
| Boots of Speed | 3 | 750 |
| Periapt of Vitality | 2 | 650 |
| Staff of Sanctuary | 3 | 750 |
| Scroll of Regeneration | 1 | 100 |
| total: | 27 | 4755g |
| Peon | 17 | 1275 | / | 0 |
| Troll Batrider | 6 | 960 | / | 240 |
| total: | 23 | 2235g | / | 240w |
| Watch Tower | 42 | 4620 | / | 3360 |
| Altar of Storms | 1 | 180 | / | 50 |
| Orc Burrow | 3 | 480 | / | 120 |
| Voodoo Lounge | 4 | 520 | / | 120 |
| War Mill | 1 | 205 | / | 0 |
| Great Hall | 1 | 385 | / | 185 |
| Beastiary | 1 | 145 | / | 140 |
| Stronghold | 1 | 315 | / | 190 |
| Fortress | 1 | 325 | / | 190 |
| total: | 53 | 6535g | / | 3975w |
| 0:07 | Altar of Storms |
| 0:08 | Peon |
| 0:09 | Peon |
| 0:18 | Orc Burrow |
| 0:27 | Voodoo Lounge |
| 0:36 | Peon |
| 0:50 | Peon |
| 1:04 | War Mill |
| 1:09 | Peon |
| 1:19 | Peon |
| 1:40 | Peon |
| 1:52 | Peon |
| 2:07 | Wind Walk |
| 2:11 | Healing Salve |
| 2:11 | Lesser Clarity Potion |
| 2:20 | Watch Tower |
| 2:25 | Watch Tower |
| 2:35 | Peon |
| 2:36 | Peon |
| 2:40 | Orc Burrow |
| 3:29 | Watch Tower |
| 3:31 | Watch Tower |
| 3:46 | Peon |
| 3:46 | Peon |
| 3:54 | Staff of Teleportation |
| 3:54 | Boots of Speed |
| 4:02 | Spiked Barricades |
| 4:28 | Stronghold |
| 4:43 | Watch Tower |
| 4:43 | Watch Tower |
| 5:22 | Watch Tower |
| 5:26 | Watch Tower |
| 5:38 | Critical Strike |
| 5:51 | Orc Burrow |
| 6:14 | Great Hall |
| 6:38 | Healing Salve |
| 6:38 | Lesser Clarity Potion |
| 6:47 | Voodoo Lounge |
| 6:49 | Watch Tower |
| 6:49 | Watch Tower |
| 7:09 | Fortress |
| 7:43 | Wind Walk |
| 8:14 | Watch Tower |
| 8:18 | Watch Tower |
| 8:22 | Watch Tower |
| 8:35 | Improved Spiked Barricades |
| 8:39 | Lesser Clarity Potion |
| 9:03 | Peon |
| 9:03 | Peon |
| 9:14 | Healing Wave |
| 9:24 | Watch Tower |
| 9:24 | Watch Tower |
| 9:30 | Orb of Lightning |
| 10:12 | Orb of Lightning |
| 10:32 | Staff of Teleportation |
| 10:32 | Boots of Speed |
| 10:49 | Shockwave |
| 11:07 | Watch Tower |
| 11:08 | Watch Tower |
| 11:19 | Healing Salve |
| 11:19 | Lesser Clarity Potion |
| 11:24 | Lesser Clarity Potion |
| 11:33 | Reinforced Defenses |
| 11:34 | Watch Tower |
| 11:34 | Watch Tower |
| 11:36 | Peon |
| 11:36 | Peon |
| 12:27 | Peon |
| 12:30 | Watch Tower |
| 12:31 | Watch Tower |
| 12:50 | Hex |
| 13:17 | Watch Tower |
| 13:18 | Watch Tower |
| 13:23 | Staff of Sanctuary |
| 13:23 | Lesser Clarity Potion |
| 13:37 | Watch Tower |
| 13:42 | Orb of Lightning |
| 14:24 | Staff of Sanctuary |
| 14:50 | Watch Tower |
| 14:54 | Watch Tower |
| 14:56 | Watch Tower |
| 15:00 | Staff of Teleportation |
| 15:01 | Boots of Speed |
| 15:08 | Periapt of Vitality |
| 15:25 | Staff of Sanctuary |
| 15:54 | Endurance Aura |
| 16:05 | Lesser Clarity Potion |
| 17:17 | Lesser Clarity Potion |
| 17:20 | Scroll of Regeneration |
| 17:54 | Steel Ranged Weapons |
| 17:55 | Steel Armor |
| 19:30 | Voodoo Lounge |
| 19:32 | Voodoo Lounge |
| 20:00 | Beastiary |
| 20:45 | Periapt of Vitality |
| 20:54 | Critical Strike |
| 20:59 | Watch Tower |
| 21:00 | Watch Tower |
| 21:01 | Watch Tower |
| 21:04 | Watch Tower |
| 21:05 | Watch Tower |
| 21:06 | Watch Tower |
| 21:07 | Watch Tower |
| 21:09 | Watch Tower |
| 21:16 | Watch Tower |
| 21:17 | Watch Tower |
| 21:19 | Watch Tower |
| 21:31 | Healing Wave |
| 22:02 | Lesser Clarity Potion |
| 22:30 | Troll Batrider |
| 22:30 | Troll Batrider |
| 22:30 | Troll Batrider |
| 22:30 | Troll Batrider |
| 22:31 | Liquid Fire |
| 23:01 | Watch Tower |
| 23:01 | Watch Tower |
| 24:13 | Troll Batrider |
| 24:13 | Troll Batrider |
| 25:14 | Watch Tower |
| 25:15 | Watch Tower |
| 25:21 | Shockwave |
| Right click | 1685 |
| Select group | 1087 |
| Select | 233 |
| Build/train/purchase | 126 |
| Use ability | 80 |
| Chat | 20 |
| Misc. action | 15 |
| Item give/drop | 14 |
| Minimap ping | 12 |
| Assign group | 9 |
BEARAND
(25:58) : 


x1)
| Staff of Sanctuary | 3 | 750 |
| Mechanical Critter | 2 | 100 |
| Boots of Speed | 3 | 750 |
| Staff of Teleportation | 3 | 450 |
| Tome of Retraining | 1 | 300 |
| Healing Salve | 2 | 200 |
| Orb of Lightning | 1 | 375 |
| total: | 15 | 2925g |
| Peasant | 23 | 1725 | / | 0 |
| Priest | 2 | 270 | / | 20 |
| Sorceress | 1 | 155 | / | 20 |
| total: | 26 | 2150g | / | 40w |
| Scout Tower | 85 | 2550 | / | 1700 |
| Arcane Tower | 19 | 1330 | / | 950 |
| Guard Tower | 34 | 2380 | / | 1700 |
| Altar of Kings | 1 | 180 | / | 50 |
| Farm | 5 | 400 | / | 100 |
| Lumber Mill | 1 | 120 | / | 0 |
| Town Hall | 1 | 385 | / | 205 |
| Arcane Vault | 5 | 650 | / | 150 |
| Arcane Sanctum | 1 | 150 | / | 140 |
| Keep | 1 | 320 | / | 210 |
| Castle | 1 | 360 | / | 210 |
| total: | 99 | 4435g | / | 2345w |
| 0:02 | Peasant |
| 0:02 | Peasant |
| 0:07 | Altar of Kings |
| 0:19 | Farm |
| 0:27 | Peasant |
| 0:45 | Lumber Mill |
| 0:50 | Peasant |
| 0:54 | Peasant |
| 0:56 | Farm |
| 1:05 | Peasant |
| 1:21 | Peasant |
| 1:29 | Scout Tower |
| 1:38 | Scout Tower |
| 1:42 | Peasant |
| 1:52 | Peasant |
| 1:58 | Arcane Tower |
| 1:59 | Scout Tower |
| 2:08 | Summon Water Elemental |
| 2:11 | Scout Tower |
| 2:12 | Guard Tower |
| 2:26 | Guard Tower |
| 2:33 | Scout Tower |
| 2:34 | Scout Tower |
| 2:39 | Peasant |
| 2:39 | Peasant |
| 2:39 | Peasant |
| 2:52 | Guard Tower |
| 3:04 | Scout Tower |
| 3:10 | Guard Tower |
| 3:11 | Peasant |
| 3:11 | Peasant |
| 3:30 | Scout Tower |
| 3:43 | Scout Tower |
| 3:43 | Scout Tower |
| 3:44 | Scout Tower |
| 3:44 | Scout Tower |
| 3:45 | Peasant |
| 3:52 | Brilliance Aura |
| 3:57 | Guard Tower |
| 4:30 | Keep |
| 4:33 | Improved Masonry |
| 4:35 | Boots of Speed |
| 4:35 | Staff of Teleportation |
| 4:52 | Guard Tower |
| 4:55 | Scout Tower |
| 5:33 | Guard Tower |
| 5:34 | Guard Tower |
| 5:35 | Scout Tower |
| 5:36 | Scout Tower |
| 5:57 | Town Hall |
| 6:04 | Healing Salve |
| 6:25 | Guard Tower |
| 6:26 | Scout Tower |
| 6:27 | Scout Tower |
| 6:27 | Guard Tower |
| 6:31 | Farm |
| 7:52 | Castle |
| 8:19 | Storm Bolt |
| 8:20 | Guard Tower |
| 8:27 | Arcane Vault |
| 8:30 | Arcane Vault |
| 8:31 | Arcane Vault |
| 8:42 | Improved Lumber Harvesting |
| 8:46 | Scout Tower |
| 8:51 | Peasant |
| 8:56 | Scout Tower |
| 8:56 | Peasant |
| 9:35 | Summon Water Elemental |
| 9:44 | Arcane Sanctum |
| 9:46 | Farm |
| 9:46 | Farm |
| 9:55 | Guard Tower |
| 10:34 | Advanced Masonry |
| 10:35 | Advanced Lumber Harvesting |
| 10:38 | Scout Tower |
| 10:38 | Scout Tower |
| 10:39 | Scout Tower |
| 10:39 | Scout Tower |
| 10:40 | Scout Tower |
| 10:40 | Scout Tower |
| 10:40 | Scout Tower |
| 10:41 | Scout Tower |
| 11:04 | Arcane Vault |
| 11:21 | Staff of Sanctuary |
| 11:22 | Staff of Sanctuary |
| 11:23 | Mechanical Critter |
| 11:23 | Mechanical Critter |
| 11:30 | Guard Tower |
| 11:35 | Bash |
| 11:36 | Holy Light |
| 11:59 | Guard Tower |
| 12:00 | Guard Tower |
| 12:01 | Peasant |
| 12:03 | Arcane Vault |
| 12:15 | Healing Salve |
| 12:15 | Orb of Lightning |
| 12:24 | Peasant |
| 12:24 | Peasant |
| 12:24 | Peasant |
| 12:29 | Scout Tower |
| 12:35 | Tome of Retraining |
| 12:35 | Retrain Hero |
| 12:36 | Staff of Teleportation |
| 12:49 | Blizzard |
| 12:49 | Brilliance Aura |
| 12:50 | Blizzard |
| 13:12 | Guard Tower |
| 13:14 | Scout Tower |
| 13:34 | Scout Tower |
| 13:35 | Scout Tower |
| 13:35 | Scout Tower |
| 13:36 | Scout Tower |
| 13:37 | Scout Tower |
| 13:37 | Scout Tower |
| 13:42 | Guard Tower |
| 13:42 | Guard Tower |
| 13:55 | Magic Sentry |
| 13:55 | Priest |
| 13:56 | Priest |
| 14:24 | Guard Tower |
| 14:52 | Peasant |
| 14:53 | Peasant |
| 14:57 | Imbued Masonry |
| 15:01 | Sorceress |
| 15:01 | Sorceress Adept Training |
| 15:04 | Guard Tower |
| 15:19 | Guard Tower |
| 15:20 | Scout Tower |
| 15:21 | Scout Tower |
| 15:44 | Scout Tower |
| 15:44 | Scout Tower |
| 15:45 | Scout Tower |
| 15:45 | Scout Tower |
| 15:59 | Staff of Sanctuary |
| 16:17 | Guard Tower |
| 16:55 | Guard Tower |
| 16:56 | Scout Tower |
| 16:57 | Scout Tower |
| 17:15 | Guard Tower |
| 17:41 | Guard Tower |
| 17:43 | Guard Tower |
| 17:44 | Scout Tower |
| 17:45 | Scout Tower |
| 17:46 | Scout Tower |
| 17:57 | Guard Tower |
| 17:59 | Scout Tower |
| 18:00 | Scout Tower |
| 18:00 | Scout Tower |
| 18:01 | Scout Tower |
| 18:03 | Scout Tower |
| 18:04 | Scout Tower |
| 18:07 | Scout Tower |
| 18:07 | Scout Tower |
| 18:08 | Scout Tower |
| 18:09 | Scout Tower |
| 18:10 | Scout Tower |
| 18:10 | Scout Tower |
| 18:11 | Scout Tower |
| 18:21 | Scout Tower |
| 18:22 | Scout Tower |
| 18:22 | Scout Tower |
| 18:23 | Scout Tower |
| 18:23 | Scout Tower |
| 18:24 | Scout Tower |
| 18:24 | Scout Tower |
| 18:25 | Scout Tower |
| 18:29 | Scout Tower |
| 18:30 | Scout Tower |
| 18:31 | Scout Tower |
| 18:31 | Scout Tower |
| 18:32 | Scout Tower |
| 18:32 | Scout Tower |
| 18:33 | Scout Tower |
| 18:33 | Scout Tower |
| 18:35 | Scout Tower |
| 18:36 | Scout Tower |
| 18:37 | Scout Tower |
| 18:38 | Scout Tower |
| 18:40 | Guard Tower |
| 19:28 | Guard Tower |
| 19:33 | Arcane Tower |
| 19:37 | Arcane Tower |
| 20:02 | Arcane Tower |
| 20:28 | Arcane Tower |
| 20:29 | Arcane Tower |
| 20:33 | Arcane Tower |
| 20:34 | Guard Tower |
| 20:35 | Arcane Tower |
| 20:36 | Arcane Tower |
| 20:40 | Staff of Teleportation |
| 20:50 | Boots of Speed |
| 20:52 | Boots of Speed |
| 20:54 | Divine Shield |
| 21:11 | Brilliance Aura |
| 21:16 | Arcane Tower |
| 21:23 | Scout Tower |
| 21:23 | Scout Tower |
| 21:24 | Scout Tower |
| 21:25 | Scout Tower |
| 22:09 | Arcane Tower |
| 22:21 | Guard Tower |
| 22:27 | Arcane Tower |
| 22:28 | Arcane Tower |
| 22:28 | Arcane Tower |
| 23:09 | Guard Tower |
| 23:09 | Guard Tower |
| 23:12 | Scout Tower |
| 23:12 | Scout Tower |
| 23:32 | Storm Bolt |
| Right click | 2236 |
| Select | 551 |
| Select group | 456 |
| Build/train/purchase | 252 |
| Chat | 126 |
| Use ability | 82 |
| Assign group | 24 |
| Minimap ping | 18 |
| Misc. action | 7 |
| Item give/drop | 7 |
| Resource trade | 7 |
| Remove unit | 1 |

| Lesser Clarity Potion | 3 | 210 |
| Potion of Healing | 1 | 150 |
| Boots of Speed | 1 | 250 |
| Circlet of Nobility | 1 | 175 |
| Staff of Teleportation | 1 | 150 |
| Healing Salve | 2 | 200 |
| Orb of Lightning | 1 | 375 |
| total: | 10 | 1510g |
| Peasant | 16 | 1200 | / | 0 |
| Priest | 2 | 270 | / | 20 |
| Dragonhawk Rider | 4 | 800 | / | 120 |
| total: | 22 | 2270g | / | 140w |
| Scout Tower | 71 | 2130 | / | 1420 |
| Arcane Tower | 3 | 210 | / | 150 |
| Guard Tower | 24 | 1680 | / | 1200 |
| Altar of Kings | 1 | 180 | / | 50 |
| Farm | 5 | 400 | / | 100 |
| Lumber Mill | 1 | 120 | / | 0 |
| Arcane Vault | 4 | 520 | / | 120 |
| Town Hall | 1 | 385 | / | 205 |
| Blacksmith | 1 | 140 | / | 60 |
| Barracks | 1 | 160 | / | 60 |
| Arcane Sanctum | 1 | 150 | / | 140 |
| Gryphon Aviary | 2 | 280 | / | 300 |
| Keep | 2 | 640 | / | 420 |
| Castle | 1 | 360 | / | 210 |
| total: | 88 | 4465g | / | 2455w |
| 0:03 | Peasant |
| 0:03 | Peasant |
| 0:12 | Altar of Kings |
| 0:16 | Farm |
| 0:21 | Lumber Mill |
| 0:31 | Peasant |
| 0:41 | Peasant |
| 1:01 | Scout Tower |
| 1:02 | Peasant |
| 1:08 | Peasant |
| 1:17 | Peasant |
| 1:23 | Farm |
| 1:29 | Arcane Tower |
| 1:31 | Peasant |
| 1:38 | Scout Tower |
| 1:43 | Peasant |
| 1:56 | Peasant |
| 2:04 | Guard Tower |
| 2:07 | Scout Tower |
| 2:23 | Scout Tower |
| 2:35 | Scout Tower |
| 2:35 | Guard Tower |
| 2:52 | Healing Spray |
| 3:13 | Peasant |
| 3:14 | Peasant |
| 3:14 | Peasant |
| 3:49 | Guard Tower |
| 4:00 | Chemical Rage |
| 4:37 | Scout Tower |
| 4:41 | Scout Tower |
| 4:44 | Keep |
| 5:04 | Guard Tower |
| 5:05 | Scout Tower |
| 5:08 | Scout Tower |
| 5:09 | Guard Tower |
| 5:15 | Boots of Speed |
| 5:18 | Circlet of Nobility |
| 5:50 | Scout Tower |
| 5:51 | Scout Tower |
| 5:52 | Guard Tower |
| 6:01 | Scout Tower |
| 6:15 | Arcane Vault |
| 6:24 | Town Hall |
| 6:24 | Guard Tower |
| 6:34 | Scout Tower |
| 6:34 | Guard Tower |
| 6:38 | Farm |
| 6:42 | Improved Masonry |
| 7:03 | Guard Tower |
| 7:05 | Scout Tower |
| 7:17 | Castle |
| 7:22 | Improved Lumber Harvesting |
| 7:22 | Advanced Lumber Harvesting |
| 7:34 | Chemical Rage |
| 7:42 | Scout Tower |
| 8:40 | Scout Tower |
| 8:40 | Guard Tower |
| 8:41 | Peasant |
| 8:45 | Arcane Sanctum |
| 8:47 | Arcane Vault |
| 9:10 | Scout Tower |
| 9:11 | Guard Tower |
| 9:56 | Scout Tower |
| 9:57 | Guard Tower |
| 10:01 | Staff of Teleportation |
| 10:15 | Healing Salve |
| 10:22 | Orb of Lightning |
| 10:29 | Lesser Clarity Potion |
| 10:38 | Guard Tower |
| 10:39 | Scout Tower |
| 10:42 | Scout Tower |
| 10:44 | Scout Tower |
| 10:46 | Advanced Masonry |
| 10:48 | Magic Sentry |
| 10:49 | Priest Adept Training |
| 10:49 | Priest |
| 11:00 | Arcane Vault |
| 11:02 | Arcane Vault |
| 11:07 | Guard Tower |
| 11:08 | Scout Tower |
| 11:09 | Peasant |
| 11:09 | Peasant |
| 11:50 | Guard Tower |
| 11:52 | Scout Tower |
| 11:54 | Scout Tower |
| 11:55 | Scout Tower |
| 11:55 | Guard Tower |
| 12:36 | Guard Tower |
| 12:55 | Scout Tower |
| 12:56 | Scout Tower |
| 12:56 | Scout Tower |
| 13:04 | Scout Tower |
| 13:05 | Scout Tower |
| 13:34 | Scout Tower |
| 13:36 | Scout Tower |
| 13:37 | Scout Tower |
| 13:47 | Scout Tower |
| 13:58 | Scout Tower |
| 13:59 | Scout Tower |
| 14:00 | Guard Tower |
| 14:27 | Scout Tower |
| 15:19 | Scout Tower |
| 15:20 | Guard Tower |
| 16:25 | Healing Salve |
| 16:25 | Potion of Healing |
| 16:28 | Lesser Clarity Potion |
| 16:32 | Scout Tower |
| 16:33 | Guard Tower |
| 16:38 | Gryphon Aviary |
| 16:39 | Gryphon Aviary |
| 16:40 | Blacksmith |
| 16:41 | Barracks |
| 17:12 | Healing Spray |
| 17:25 | Scout Tower |
| 17:25 | Guard Tower |
| 17:43 | Priest |
| 17:45 | Priest Master Training |
| 17:54 | Guard Tower |
| 17:59 | Dragonhawk Rider |
| 19:58 | Lesser Clarity Potion |
| 20:25 | Dragonhawk Rider |
| 20:26 | Cloud |
| 20:27 | Studded Leather Armor |
| 20:27 | Iron Forged Swords |
| 20:28 | Animal War Training |
| 21:10 | Scout Tower |
| 21:11 | Scout Tower |
| 21:12 | Scout Tower |
| 21:13 | Scout Tower |
| 21:14 | Scout Tower |
| 21:16 | Scout Tower |
| 21:33 | Scout Tower |
| 21:34 | Scout Tower |
| 21:36 | Scout Tower |
| 21:37 | Scout Tower |
| 21:37 | Scout Tower |
| 21:38 | Scout Tower |
| 21:41 | Scout Tower |
| 21:41 | Scout Tower |
| 21:42 | Scout Tower |
| 21:44 | Scout Tower |
| 21:45 | Scout Tower |
| 22:17 | Arcane Tower |
| 22:21 | Farm |
| 22:40 | Scout Tower |
| 22:41 | Scout Tower |
| 22:42 | Scout Tower |
| 22:43 | Scout Tower |
| 22:44 | Scout Tower |
| 22:45 | Scout Tower |
| 22:46 | Scout Tower |
| 22:46 | Scout Tower |
| 22:49 | Scout Tower |
| 22:49 | Scout Tower |
| 22:50 | Scout Tower |
| 22:51 | Scout Tower |
| 22:52 | Scout Tower |
| 22:52 | Scout Tower |
| 22:56 | Arcane Tower |
| 23:17 | Dragonhawk Rider |
| 23:19 | Steel Forged Swords |
| 23:19 | Reinforced Leather Armor |
| 23:38 | Farm |
| 24:08 | Dragonhawk Rider |
| 25:29 | Chemical Rage |
| Right click | 1683 |
| Select | 336 |
| Select group | 246 |
| Build/train/purchase | 227 |
| Assign group | 87 |
| Use ability | 55 |
| Chat | 55 |
| Misc. action | 14 |
| Item give/drop | 7 |
| Minimap ping | 6 |
⇛